 Seeded DCSS version 0.28-a0-1117-g0bdd5ba030 (webtiles) character file.

Game seed: 16008875487339432128 (custom seed)

55 croobank the Conjurer (level 3, -2/21 HPs)
             Began as an Octopode Conjurer on Dec 11, 2021.
             Was an Initiate of Gozag.
             Slain by an adder (4 damage)
             ... on level 2 of the Dungeon.
             The game lasted 00:06:16 (2595 turns).

croobank the Conjurer (Octopode Conjurer)           Turns: 2595, Time: 00:06:17

Health: -2/21      AC:  1    Str:  8    XL:     3   Next: 93%
Magic:  3/6        EV: 13    Int: 26    God:    Gozag
Gold:   207        SH:  0    Dex: 10    Spells: 6/7 levels left

rFire   . . .      SeeInvis +   b - staff of conjuration
rCold   . . .      Faith    .   (no shield)
rNeg    . . .      Spirit   .   (helmet restricted)
rPois   .          Reflect  .   (no amulet)
rElec   .          Harm     .   a - ring of see invisible
rCorr   .          Rampage  .   d - +6 ring of intelligence
Will    .....                   (no ring)
Stlth   +++.......              (no ring)
HPRegen 0.07/turn               (no ring)
MPRegen 0.10/turn               (no ring)
                                (no ring)
                                (no ring)

@: lethally poisoned (-2 -> -9), gold aura
A: almost no armour, amphibious, 8 rings, camouflage 1, gelatinous body 1,
(nimble swimmer 1), tentacles
a: Renounce Religion, Potion Petition, Call Merchant, Bribe Branch


You were on level 2 of the Dungeon.
You worshipped Gozag.
Gozag was aware of your devotion.
You visited 1 branch of the dungeon, and saw 2 of its levels.

You collected 207 gold pieces.

Inventory:

Missiles
 f - 69 stones {heal wounds}
 g - 23 sling bullets
Magical Staves
 b - a staff of conjuration (weapon)
Jewellery
 a - a ring of see invisible (left tentacle)
 d - a +6 ring of intelligence (right tentacle)
 e - an amulet of reflection
Scrolls
 c - 2 scrolls of identify {identify, unknown}
 h - a scroll of blinking {unknown}
 i - a scroll of noise {unknown}
Potions
 j - a potion of curing {unknown}
 k - a potion of heal wounds {unknown}


   Skills:
 + Level 2.6 Dodging
 + Level 3.7 Stealth
 + Level 2.5 Spellcasting
 + Level 4.4 Conjurations


You had 6 spell levels left.
You knew the following spells:

 Your Spells              Type           Power      Damage    Failure   Level
a - Magic Dart            Conj           100%       1d8       1%          1

Your spell library contained the following spells:

 Spells                   Type           Power      Damage    Failure   Level
 Searing Ray              Conj           78%        2d7       2%          2
 Sandblast                Erth           6%         2d5       10%         1
 Dazzling Flash           Conj/Hex       44%        N/A       12%         3
 Stone Arrow              Conj/Erth      44%        3d9       12%         3
 Passwall                 Tmut/Erth      2%         N/A       16%         2
 Fulminant Prism          Conj/Hex       11%        3d9       36%         4
 Iskenderun's Mystic Bla  Conj/Tloc      22%        2d6       36%         4


Dungeon Overview and Level Annotations

Branches:
Dungeon (2/15)

Altars:
Gozag


Innate Abilities, Weirdness & Mutations

You cannot wear most types of armour.
You are amphibious.
You can wear up to eight rings at the same time.
Your skin changes colour to match your surroundings (Stealth+).
Your rubbery body absorbs attacks. (AC +1, EV +1)
((You are camouflaged near water. (Stealth+)))
You have tentacles for arms and can constrict up to eight enemies at once.


Message History

Aiming: Magic Dart (safe; 1% risk of failure)
Press: ? - help, Shift-Dir - straight line, f - rat
Aim: a rat (wandering, hasn't noticed you, 100% to hit)
You feel a surge of power!
The magic dart hits the rat.
The rat is moderately wounded.
A rat comes into view.
Casting: Magic Dart (safe; 1% risk of failure)
Confirm with . or Enter, or press ? or * to list all spells.
Aiming: Magic Dart (safe; 1% risk of failure)
Press: ? - help, Shift-Dir - straight line, f/p - rat
Aim: a rat (moderately wounded, 100% to hit)
You feel a surge of power!
The magic dart hits the rat.
You kill the rat!
The adder closely misses you.
You closely miss the adder. Your grab misses the adder. The adder bites you.
You are poisoned.
The adder poisons you! The adder barely misses you.
You barely miss the adder. Your grab misses the adder.
You feel sick. The adder bites you. x2
You closely miss the adder. You grab the adder.
You constrict the adder, but do no damage.
You feel sick. The adder bites you but does no damage.
The rat barely misses you.
You hit the adder but do no damage. You constrict the adder.
You feel sick. The adder barely misses you. The rat bites you.
The adder bites you.
* * * LOW HITPOINT WARNING * * *
You are lethally poisoned!
The adder poisons you!
Casting: Magic Dart (safe; 1% risk of failure)
Confirm with . or Enter, or press ? or * to list all spells.
Aiming: Magic Dart (safe; 1% risk of failure)
Press: ? - help, Shift-Dir - straight line, f - adder
Aim: an adder (moderately wounded, constricted by you, 100% to hit)
You feel a surge of power!
The magic dart hits the adder.
The adder is heavily wounded.
You constrict the adder.
* * * LOW HITPOINT WARNING * * *
You feel sick. The rat barely misses you. The adder bites you.
You die...
Your body crumbles into a pile of gold.

#.....#
##.## #.#.
#######.#
#..# #.#.
#.......###
##.# #.##
#.........#
#.# ##...
#.........#
#.# #....
#.........#
#.###....
#.......###
#..##....
########.#
##.##....
..(...S@.#
#..##.#.
......r..#
##.##.#.
........##
#..#.#)
........#
##.#.#.
........#
#.#.#.
........#
#.#.#.
........#
#.#.##
#######.#
#...#
##..##


You could see an adder and a rat.

Vanquished Creatures
  An adder (D:2)
  3 dart slugs
  An endoplasm (D:1)
  3 goblins
  5 hobgoblins
  4 jackals (D:2)
  A quokka (D:2)
  7 ball pythons
  4 bats (D:1)
  3 frilled lizards
  4 kobolds
  6 rats
42 creatures vanquished.

Notes
Turn   | Place    | Note
-------+----------+-------------------------------------------
     0 | D:1      | croobank the Octopode Conjurer began the quest for the Orb.
     0 | D:1      | Reached XP level 1. HP: 11/11 MP: 3/3
   544 | D:1      | Reached XP level 2. HP: 17/17 MP: 3/5
   623 | D:1      | Noticed a shining eye
   625 | D:1      | Found a faded altar of an unknown god.
   627 | D:1      | Noticed a golden eye
   627 | D:1      | Noticed an eye of devastation
   627 | D:1      | Noticed an eye of devastation
   663 | D:1      | Prayed at the altar of an unknown god.
   663 | D:1      | Became a worshipper of Gozag Ym Sagoz the Greedy
  1306 | D:2      | Reached XP level 3. HP: 4/21 MP: 1/6
  2595 | D:2      | Slain by an adder

Illustrated notes

Levels and vault maps discovered:
D:1:      heliophobic_arrival_henge, layout_basic,
          hellmonk_ecumenical_altar_watching_god
D:2:      layout_basic

Skill      XL: |  1 |
---------------+----+-----
Stealth        | 3 |  3.7
Dodging        | |  2.6
Spellcasting   | |  2.5
Conjurations   | |  4.4

Action                   || total
-------------------------++-------
Melee: Unarmed           ||     7
       Staff             ||    47
       Constrict         ||    13
       Tentacles         ||     7
 Cast: Magic Dart        ||    43
 Stab: Sleeping          ||     5
Armor: Skin              ||    12
Dodge: Dodged            ||    38

Table legend: (Time is in decaauts)
 A = Elapsed time spent in this place.
 B = Non-inter-level travel time spent in this place.
 C = Inter-level travel time spent in this place.
 D = Time resting spent in this place.
 E = Time spent auto-exploring this place.
 F = Levels seen in this place.
 G = Mean time per level.
                   A        B        C        D        E       F      G
               +--------+--------+--------+--------+--------+-----+--------+
         Total |   2603 |   2577 |     26 |    613 |   1651 |   2 | 1301.5 |
       Dungeon |   2603 |   2577 |     26 |    613 |   1651 |   2 | 1301.5 |
               +--------+--------+--------+--------+--------+-----+--------+

Top non-repeatable levels by time:
     D:1: 1503 daAuts
     D:2: 1100 daAuts
